Map: [ESL] Site Delta

Players

SpeCial - Winner!

  • Race: Terran Terran
  • Spawn Location: 11:00

trigger

  • Race: Protoss Protoss
  • Spawn Location: 5:00

Event: ESL SC2 Masters 2023 Winter (Regional)

VOD

Have the link to the VOD?

Description

Time

  • Played on: Oct. 28, 2023, 1:44 p.m.
  • Length: 15:08

All games in this series

Show
View Real Time Build Order
Export as new Build Order

SpeCial Terran - Winner!

Build Orders: Cyclone Opening 

Get SALT Encoding   

  12  0:00  SCV  
  13  0:12  SCV  
  14  0:17  Supply Depot  
  14  0:24  SCV  
  15  0:39  SCV  
  15  0:40  Barracks  
  16  0:43  Refinery  
  16  0:51  SCV  
  17  1:03  SCV  
  18  1:15  SCV  
  19  1:27  Orbital Command, Marine  
  20  1:41  Command Center  
  20  1:46  Barracks Reactor  
  20  1:50  Supply Depot  
  20  1:55  SCV  
  21  2:07  SCV  
  22  2:08  Factory  
  22  2:14  Refinery  
  22  2:19  SCV  
  23  2:23  Marine x2  
  25  2:31  SCV  
  26  2:41  Marine x2  
  26  2:43  SCV  
  29  2:53  Orbital Command  
  29  2:54  Cyclone  
  29  2:55  SCV  
  32  3:00  Starport  
  32  3:02  Marine x2  
  34  3:08  SCV  
  35  3:15  Barracks  
  35  3:19  SCV  
  36  3:20  SCV  
  36  3:21  Marine  
  36  3:22  Marine  
  39  3:31  SCV  
  39  3:32  Factory Tech Lab  
  40  3:38  Starport Tech Lab, Marine  
  40  3:40  Marine  
  41  3:42  SCV  
  41  3:45  SCV  
  43  3:49  Supply Depot  
  43  3:54  SCV  
  44  3:56  Cloaking Field, Refinery  
  44  4:00  SCV  
  45  4:04  Barracks Tech Lab  
  45  4:05  Supply Depot  
  45  4:06  SCV  
  46  4:10  Siege Tank, Banshee  
  46  4:12  Marine  
  46  4:14  Marine  
  54  4:23  Supply Depot  
  54  4:24  Combat Shield  
  54  4:26  SCV x2  
  54  4:30  Marine x2  
  58  4:35  Supply Depot  
  58  4:38  SCV x2  
  58  4:45  Siege Tank  
  63  4:46  Supply Depot  
  63  4:48  Marine  
  63  4:49  Marine  
  66  4:52  SCV  
  66  4:55  SCV  
  66  4:58  Banshee  
  70  5:04  SCV, Marine  
  70  5:06  Marine  
  73  5:07  SCV  
  73  5:13  Supply Depot  
  73  5:14  Marine  
  74  5:17  SCV  
  74  5:19  SCV  
  77  5:21  Siege Tank  
  77  5:22  Marine  
  77  5:26  Marine  
  82  5:29  SCV  
  82  5:31  SCV  
  82  5:32  Marine  
  85  5:40  Marine  
  85  5:41  Banshee, SCV  
  89  5:43  SCV  
  89  5:46  Marine  
  89  5:49  Marine  
  89  5:53  Siege Tank, SCV  
  89  5:55  SCV  
  91  5:57  Marine  
  91  6:00  Stimpack  
  92  6:04  Marine  
  92  6:05  SCV  
  92  6:07  SCV  
  89  6:13  Marine  
  89  6:18  SCV  
  91  6:19  SCV, Marine  
  91  6:22  Marine  
  89  6:25  Siege Tank  
  89  6:30  Marine, SCV  
  94  6:33  Barracks, SCV  
  94  6:37  Marine  
  84  6:41  Starport Reactor, Marine  
  84  6:42  SCV  
  84  6:45  SCV  
  84  6:46  Engineering Bay  
  85  6:47  Refinery  
  85  6:48  Marine  
  80  6:54  SCV  
  80  6:55  Marine  
  80  6:57  SCV  
  80  6:59  Marine  
  82  7:06  Marine, SCV, Factory Reactor  
  82  7:07  Command Center  
  84  7:09  SCV  
  84  7:13  Marine  
  86  7:16  Marine  
  86  7:18  SCV  
  86  7:21  SCV  
  86  7:24  Marine  
  86  7:25  Terran Infantry Weapons Level 1  
  86  7:26  Barracks  
  86  7:27  Medivac x2  
  86  7:28  Supply Depot  
  91  7:30  SCV  
  91  7:31  Marine  
  91  7:32  Barracks  
  91  7:33  SCV  
  94  7:37  Supply Depot  
  94  7:39  Supply Depot  
  94  7:40  Concussive Shells  
  94  7:41  Marauder, Marine  
  94  7:42  Marine  
  94  7:44  Supply Depot  
  98  7:48  Widow Mine x2  
  98  7:50  Marauder  
  104  7:51  Missile Turret  
  104  7:56  Missile Turret  
  104  7:57  Medivac x2  
  108  7:59  Marine x2  
  108  8:03  Marauder  
  109  8:10  Widow Mine x2  
  109  8:11  Marauder  
  115  8:12  Supply Depot  
  115  8:16  Marine  
  115  8:17  Marine, Marauder  
  119  8:20  Barracks Reactor  
  119  8:21  Supply Depot  
  119  8:24  Marauder  
  121  8:28  Orbital Command  
  121  8:32  Marauder  
  120  8:34  Marine  
  120  8:35  Marine  
  120  8:39  Marauder  
  124  8:42  Armory, Engineering Bay  
  124  8:52  Marine, Marauder  
  124  8:53  Orbital Command, Marine  
  124  8:54  Marauder, Widow Mine x2, SCV x2  
  133  9:09  Marine x2  
  131  9:10  Marauder, Marine  
  131  9:11  Marine  
  131  9:13  Marauder, SCV  
  131  9:16  Widow Mine x2  
  141  9:17  Medivac  
  141  9:19  SCV  
  141  9:22  Supply Depot  
  144  9:28  Terran Infantry Armor Level 1, Marine x2  
  140  9:36  Terran Infantry Weapons Level 2  
  136  9:41  Marine  
  136  9:42  Widow Mine, Marauder  
  143  9:45  Marine  
  143  9:46  Marine  
  143  9:49  Marauder  
  143  9:52  Supply Depot  
  145  10:00  Bunker  
  145  10:02  Marine x2  
  145  10:03  Marine  
  145  10:04  Marine, Marauder x2  
  151  10:07  Supply Depot  
  151  10:08  Widow Mine x2  
  151  10:12  Medivac  
  151  10:13  Medivac  
  159  10:16  Ghost Academy  
  159  10:21  Supply Depot  
  159  10:24  Marine x4  
  159  10:25  Marauder  
  159  10:28  Marauder x2  
  169  10:33  Widow Mine  
  162  10:42  Medivac  
  162  10:46  Marauder  
  162  10:47  Command Center  
  162  10:54  Marine x2  
  162  10:55  Marine, Marauder  
  146  10:59  Widow Mine x2  
  150  11:08  Medivac  
  150  11:09  Barracks  
  150  11:11  Barracks, Marauder x2, Marine  
  155  11:12  Barracks, Medivac  
  155  11:17  Supply Depot x2  
  155  11:18  SCV  
  160  11:20  Marine  
  160  11:21  Marine x2  
  160  11:25  Marauder  
  165  11:32  SCV x3  
  168  11:34  Marine x2  
  168  11:35  Marauder  
  168  11:37  Widow Mine x2  
  176  11:42  Marine  
  176  11:46  Marauder  
  168  11:48  Marine x2  
  168  11:52  Marine  
  168  11:53  Marauder  
  167  11:55  Marine  
  167  11:58  Widow Mine x2  
  167  12:00  Medivac, Marine  
  168  12:03  Barracks Reactor, Barracks Tech Lab x2  
  168  12:05  Marine  
  168  12:06  SCV x2  
  168  12:08  Marauder  
  172  12:12  Marine  
  172  12:14  Marauder x2  
  172  12:17  Marine  
  172  12:18  SCV x2, Marine  
  172  12:19  SCV  
  176  12:23  Marine  
  176  12:27  Marine x2  
  176  12:29  Marauder  
  179  12:30  Marine  
  179  12:34  Ghost  
  179  12:35  Ghost  
  179  12:36  Marine  
  185  12:40  Marine  
  185  12:41  Marine  
  187  12:44  Ghost  
  187  12:45  Marine  
  183  12:51  Marine x2  
  183  12:52  Ghost x2  
  183  12:55  Widow Mine x2  
  183  12:57  Planetary Fortress  
  193  13:06  Marine x3, Marauder  
  193  13:07  Marauder, Marine  
  193  13:12  Marine  
  196  13:38  Marine  
  196  13:39  Marauder  
  196  13:40  Widow Mine x2  
  194  13:42  Marine  
  194  13:43  Marauder  
  194  13:45  Marine  
  194  13:46  Marauder, Marine  
  195  13:50  Marauder, Marine  
  195  13:51  Marine  
  195  13:52  Marauder  
  197  13:56  Marine  
  197  14:00  Marauder, Marine  
  186  14:03  Marine  
  186  14:04  Widow Mine x2, Marauder  
  186  14:07  Marauder  
  165  14:10  Marine  
  165  14:12  Marauder  
  165  14:13  Marauder  
  160  14:17  Marine  
  160  14:20  Marine  
  160  14:21  Viking x2  
  160  14:22  Marauder  
  160  14:23  Marine  
  165  14:25  Marauder  
  165  14:26  Widow Mine x2  
  165  14:29  Marauder  
  165  14:30  Marine  
  165  14:31  Marine  
  166  14:32  Marine  
  166  14:33  Marauder  
  166  14:35  Marauder  
  166  14:36  Marine  
  161  14:43  Marine, Marauder  
  161  14:44  Marine  
  153  14:47  Widow Mine x2, Marauder  
  153  14:48  Marine  
Show
View Real Time Build Order
Export as new Build Order

trigger Protoss 

Build Orders: 1 Gate Expand, Blink Stalkers 

Get SALT Encoding   

  12  0:00  Probe  
  13  0:12  Probe  
  14  0:16  Pylon  
  14  0:24  Probe (Chrono Boost)  
  16  0:36  Gateway, Probe (Chrono Boost)  
  16  0:43  Probe (Chrono Boost)  
  16  0:45  Assimilator  
  17  0:50  Probe  
  18  1:03  Probe  
  19  1:15  Probe  
  20  1:23  Cybernetics Core  
  20  1:32  Nexus  
  20  1:34  Probe  
  21  1:45  Pylon  
  21  1:47  Assimilator  
  21  1:49  Probe  
  22  2:00  Warp Gate  
  22  2:01  Probe, Adept (Chrono Boost)  
  25  2:13  Probe  
  26  2:23  Stalker  
  26  2:25  Probe (Chrono Boost)  
  29  2:33  Twilight Council  
  29  2:37  Probe (Chrono Boost)  
  30  2:44  Probe (Chrono Boost)  
  31  2:47  Probe (Chrono Boost)  
  31  2:50  Gateway  
  32  2:53  Probe (Chrono Boost)  
  32  2:56  Probe (Chrono Boost)  
  32  2:58  Probe (Chrono Boost)  
  34  3:04  Blink (Chrono Boost)  
  35  3:08  Probe (Chrono Boost)  
  35  3:10  Probe (Chrono Boost)  
  37  3:18  Robotics Facility  
  38  3:22  Probe (Chrono Boost)  
  38  3:23  Probe (Chrono Boost)  
  38  3:27  Probe (Chrono Boost)  
  39  3:30  Probe  
  39  3:33  Pylon  
  41  3:38  Probe  
  42  3:42  Nexus  
  42  3:51  Stalker x2  
  44  3:57  Shield Battery  
  44  4:00  Assimilator, Probe  
  44  4:01  Probe  
  46  4:05  Observer  
  47  4:11  Pylon  
  47  4:14  Stalker x2  
  51  4:20  Probe x2  
  53  4:32  Gateway x2  
  53  4:34  Probe x2  
  55  4:38  Stalker  
  55  4:39  Stalker  
  55  4:42  Shield Battery  
  59  4:49  Pylon  
  59  4:51  Charge  
  59  4:52  Probe (Chrono Boost)  
  61  4:54  Probe (Chrono Boost)  
  61  4:57  Probe (Chrono Boost)  
  63  5:00  Observer  
  63  5:03  Probe (Chrono Boost)  
  63  5:05  Probe (Chrono Boost)  
  63  5:06  Probe (Chrono Boost)  
  66  5:08  Forge  
  66  5:13  Probe (Chrono Boost)  
  68  5:16  Probe (Chrono Boost)  
  68  5:17  Gateway  
  68  5:19  Probe (Chrono Boost)  
  68  5:21  Gateway  
  70  5:26  Probe (Chrono Boost)  
  70  5:28  Stalker  
  70  5:29  Stalker x2  
  70  5:32  Stalker  
  78  5:40  Immortal  
  79  5:59  Stalker x3  
  79  6:02  Stalker  
  85  6:07  Probe  
  68  6:12  Zealot  
  68  6:16  Probe x2  
  72  6:19  Probe  
  72  6:22  Zealot x3  
  72  6:23  Zealot  
  81  6:27  Stalker  
  83  6:35  Zealot  
  72  6:43  Stalker x2  
  72  6:44  Zealot x2  
  72  6:46  Observer (Chrono Boost)  
  69  6:50  Probe  
  69  6:51  Probe x2  
  66  6:57  Stalker x2  
  70  7:02  Photon Cannon, Probe  
  70  7:03  Probe  
  70  7:05  Probe  
  70  7:07  Zealot x2  
  73  7:16  Probe (Chrono Boost)  
  73  7:17  Protoss Ground Weapons Level 1 (Chrono Boost)  
  71  7:28  Probe x2 (Chrono Boost)  
  74  7:30  Probe (Chrono Boost)  
  74  7:34  Probe (Chrono Boost)  
  74  7:36  Probe (Chrono Boost)  
  77  7:37  Zealot, Probe (Chrono Boost)  
  77  7:38  Zealot x3  
  85  7:45  Gateway  
  85  7:47  Pylon  
  85  7:51  Pylon  
  85  7:52  Gateway  
  85  8:03  Pylon  
  85  8:05  Probe x2  
  87  8:09  Sentry x2, Zealot x2  
  87  8:10  Zealot, Gateway  
  96  8:17  Probe  
  97  8:23  Zealot  
  99  8:31  Assimilator  
  99  8:33  Zealot x5  
  109  8:36  Pylon  
  109  8:38  Pylon  
  109  8:44  Pylon  
  108  9:00  Zealot x2, Pylon  
  108  9:01  Pylon  
  108  9:02  Immortal  
  109  9:07  Pylon  
  109  9:08  Zealot  
  109  9:09  Zealot  
  110  9:27  Probe x2  
  110  9:28  Zealot x3, Stalker x2  
  110  9:29  Zealot x2  
  120  9:40  Photon Cannon  
  120  9:41  Observer (Chrono Boost)  
  121  9:49  Observer  
  121  9:51  Assimilator  
  121  9:54  Nexus, Pylon  
  121  9:55  Probe x2  
  121  9:56  Shield Battery  
  121  10:02  Probe  
  121  10:04  Warp Prism (Chrono Boost)  
  121  10:06  Robotics Bay  
  122  10:07  Probe  
  125  10:24  Probe x2  
  125  10:25  Robotics Facility  
  127  10:30  Zealot  
  127  10:31  Nexus, Zealot x5  
  119  10:43  Zealot  
  111  10:51  Zealot x4  
  111  10:52  Stalker  
  115  10:59  Probe  
  116  11:08  Probe  
  116  11:09  Pylon  
  120  11:11  Probe  
  120  11:12  Colossus (Chrono Boost)  
  120  11:14  Colossus (Chrono Boost)  
  130  11:19  Sentry  
  130  11:25  Probe x2  
  134  11:26  Probe  
  134  11:28  Zealot  
  134  11:29  Zealot  
  139  11:34  Stalker x4  
  142  11:45  Zealot  
  142  11:46  Zealot x2  
  121  11:56  Stalker x2  
  121  11:58  Observer, Probe  
  121  12:01  Stalker x3  
  108  12:04  Probe x2  
  108  12:06  Shield Battery, Probe  
  111  12:11  Probe  
  109  12:16  Probe x2  
  109  12:20  Protoss Ground Weapons Level 2 (Chrono Boost), Zealot x4  
  119  12:28  Pylon  
  119  12:30  Probe x3  
  119  12:31  Photon Cannon  
  119  12:34  Pylon  
  119  12:35  Pylon  
  119  12:36  Colossus (Chrono Boost)  
  122  12:37  Stalker  
  122  12:41  Immortal (Chrono Boost)  
  122  12:42  Observer  
  134  12:47  Zealot x2  
  136  12:52  Stalker x2  
  136  12:54  Zealot  
  136  12:55  Zealot x2  
  146  13:00  Assimilator  
  146  13:03  Assimilator  
  146  13:07  Probe x2  
  146  13:08  Probe  
  146  13:09  Shield Battery  
  146  13:11  Sentry  
  151  13:12  Stalker  
  151  13:13  Stalker  
  151  13:18  Zealot x4  
  151  13:19  Zealot  
  165  13:23  Zealot  
  167  13:33  Immortal  
  171  13:39  Pylon  
  171  13:40  Pylon  
  171  13:47  Zealot  
  171  13:49  Immortal  
  171  13:53  Forge  
  149  13:56  Zealot x2  
  149  13:57  Zealot x4  
  149  13:58  Zealot  
  141  14:05  Zealot  
  115  14:12  Zealot  
  99  14:17  Zealot x6  
  105  14:26  Pylon  
  105  14:30  Stalker x3  
  102  14:33  Zealot  
  85  14:40  Zealot x2  
  83  14:46  Stalker  
  83  14:49  Probe x2  
  83  14:52  Zealot  
  75  15:02  Zealot x2  
Tags
 
Add a new tag
Caveats
  • Supply blocks, unpowered buildings, or Contaminate may cause inaccurate times.
  • Supply counts are checked every 10 seconds.